 Dungeon Crawl Stone Soup version 0.29-a0-194-g6e3aafee17 (webtiles) character file.

Game seed: 6791014811986391272

457 bladeefan the Cudgeller (level 6, 0/73 HPs)
             Began as a Demonspawn Chaos Knight on Feb 22, 2022.
             Was a Plaything of Xom.
             Succumbed to an orc's poison
             ... on level 4 of the Dungeon.
             The game lasted 00:08:01 (4164 turns).

bladeefan the Cudgeller (Demonspawn Chaos Knight)   Turns: 4164, Time: 00:08:03

Health: 0/73       AC: 23    Str: 12    XL:     6   Next: 77%
Magic:  6/6        EV:  2    Int: 14    God:    Xom [......]
Gold:   155        SH:  0    Dex: 18    Spells: 5/5 levels left

rFire   . . .      SeeInvis .   e - +0 flail
rCold   . . .      Faith    .   (no shield)
rNeg    . . .      Spirit   .   (body armour currently unavailable)
rPois   +          Reflect  .   (helmet currently unavailable)
rElec   .          Harm     .   (cloak currently unavailable)
rCorr   .          Rampage  .   (gloves currently unavailable)
Will    .....      NoTele   +   (boots currently unavailable)
Stlth   ++........              (no amulet)
HPRegen 0.22/turn               k - +6 ring of dexterity
MPRegen 0.10/turn               (no ring)

@: brilliant, lethally poisoned (0 -> -11), tree-form
A: stationary, stasis, torment immunity, boosted hp, powered by pain 1, (sharp
scales 2), (antennae 1), weak 1
a: Renounce Religion


You were on level 4 of the Dungeon.
You worshipped Xom.
You were a very special plaything of Xom.
You were a tree.
You visited 1 branch of the dungeon, and saw 4 of its levels.

You collected 155 gold pieces.

Inventory:

Hand Weapons
 e - a +0 flail (weapon)
   (You took it off an orc on level 3 of the Dungeon)
Armour
 c - a +0 scale mail (melded)
   (You took it off Terence on level 3 of the Dungeon)
 f - a +0 leather armour
   (You took it off an orc priest on level 4 of the Dungeon)
Jewellery
 a - a ring of resist corrosion
   (You found it on level 4 of the Dungeon)
 k - a +6 ring of dexterity (left branch)
   (You found it on level 2 of the Dungeon)
Wands
 v - a wand of digging (5)
   (You found it on level 3 of the Dungeon)
Scrolls
 d - a scroll of noise {!r}
 n - a scroll of brand weapon {unknown}
Potions
 b - 2 potions of mutation {!q}


   Skills:
 + Level 4.3 Fighting
 * Level 4.9 Maces & Flails
 + Level 3.3 Armour
 + Level 2.8 Dodging


You had 5 spell levels left.
You didn't know any spells.
Your spell library contained the following spells:

 Spells                   Type           Power      Damage    Failure   Level
 Sting                    Tmut/Pois      0%         1d3       28%         1
 Poisonous Vapours        Pois/Air       0%         N/A       41%         2
 Olgreb's Toxic Radiance  Pois           0%         N/A       96%         4


Dungeon Overview and Level Annotations

Branches:
Dungeon (4/15)
 Temple: D:4-7

Altars:
Dithmenos

Shops:
D:2 *


Innate Abilities, Weirdness & Mutations

You are a tree.
Your roots penetrate the ground, keeping you stationary.
You cannot be teleported.
You are immune to unholy pain and torment.
Your maximum health is greatly increased.
Your equipment is partially melded.
You sometimes gain a little power by taking damage.
((You are mostly covered in razor-sharp scales. (AC +2, Slay +2)))
((You have a pair of small antennae on your head.))
You are weak. (Str -2)


Message History

You are too injured to fight recklessly!
There are monsters nearby!
Something hits you but does no damage. Something hits you but does no damage.
Something hits you but does no damage. Something hits you but does no damage.
Xom decides to rearrange the pieces.
You swap places with the orc.
The orc looks rather confused.
Some monsters swap places.
The orc hits you with a +0 flail.
* * * LOW HITPOINT WARNING * * *
The orc completely misses you. Something hits you but does no damage.
You barely miss the orc. The orc hits you but does no damage.
Xom is highly amused!
The orc hits itself with a +0 flail.
The orc hits you but does no damage.
You are poisoned.
Something hits you but does no damage.
You catch the helpless orc completely off-guard!
You hit the orc.
You kill the orc!
* * * LOW HITPOINT WARNING * * *
You feel very sick. The orc hits you but does no damage. x2
You cannot move.
You sock the orc priest!
* * * LOW HITPOINT WARNING * * *
You feel sick. Something hits you but does no damage.
The orc priest hits you but does no damage.
The orc hits you with a +1 hand axe of venom.
* * * LOW HITPOINT WARNING * * *
It was a potion of brilliance.
You feel clever all of a sudden.
Xom thinks this is hilarious!
* * * LOW HITPOINT WARNING * * *
You feel sick. Something hits you but does no damage.
The orc hits you but does no damage.
The orc priest casts a cantrip, but nothing happens.
You hit the orc priest.
* * * LOW HITPOINT WARNING * * *
You feel sick.
You hear some strange, mumbled words.
Something tries to affect you, but you resist.
The orc hits you but does no damage.
You are more poisoned.
The orc priest hits you but does no damage.
You closely miss the orc priest.
You die...
Xom thinks this is hilarious!

######
#....#
####o...#
#...o.#.#
#.###o..#
#o# #####
#########♣#
#.......o)#
#.#########
{


You could see an orc priest and an orc.

Vanquished Creatures
  2 orc priests
  Terence (D:3)
  3 orc wizards
  7 gnolls
  2 adders (D:3)
  An adder skeleton (D:4)
  5 dart slugs (D:2)
  10 orcs
  6 ball pythons
  8 bats
  8 endoplasms
  10 goblins
  7 hobgoblins
  8 jackals
  7 kobolds
  4 quokkas
  7 frilled lizards
  4 rats
100 creatures vanquished.

Vanquished Creatures (collateral kills)
  An ice beast (D:4)
1 creature vanquished.

Grand Total: 101 creatures vanquished

Notes
Turn   | Place    | Note
-------+----------+-------------------------------------------
     0 | D:1      | bladeefan the Demonspawn Chaos Knight began the quest for
                  | the Orb.
     0 | D:1      | Reached XP level 1. HP: 18/18 MP: 1/1
   227 | D:1      | Reached skill level 1 in Dodging
   227 | D:1      | XOM: silly message
   398 | D:1      | Gained mutation: You are partially covered in razor-sharp
                  | scales. (AC +1, Slay +1) [demonic ancestry]
   398 | D:1      | Reached XP level 2. HP: 24/24 MP: 2/2
   660 | D:1      | Reached XP level 3. HP: 22/29 MP: 3/3
   749 | D:1      | XOM: torment (16/29 hp)
   941 | D:1      | XOM: give mutation
   941 | D:1      | Gained mutation: Your movements are slightly less
                  | encumbered by armour. (ER -2) [Xom's grace]
  1464 | D:2      | XOM: scenery: summon butterflies
  1702 | D:2      | Gained mutation: You sometimes gain a little power by
                  | taking damage. [demonic ancestry]
  1702 | D:2      | Reached XP level 4. HP: 21/35 MP: 4/4
  1774 | D:2      | XOM: 1-stop teleportation journey
  1851 | D:2      | Found Jari's Assorted Antiques.
  2348 | D:3      | Noticed Terence
  2353 | D:3      | Killed Terence
  2475 | D:3      | Gained mutation: You are mostly covered in razor-sharp
                  | scales. (AC +2, Slay +2) [demonic ancestry]
  2475 | D:3      | Reached XP level 5. HP: 27/41 MP: 5/5
  2626 | D:3      | XOM: 2-stop teleportation journey
  2629 | D:3      | XOM: noise
  2630 | D:3      | Lost mutation: Your movements are slightly less encumbered
                  | by armour. (ER -2) [potion of mutation]
  2630 | D:3      | Gained mutation: You are weak. (Str -2) [potion of
                  | mutation]
  2630 | D:3      | Gained mutation: You have a pair of small antennae on your
                  | head. [potion of mutation]
  2936 | D:3      | Found a faded altar of an unknown god.
  2994 | D:3      | Reached XP level 6. HP: 48/48 MP: 6/6
  3876 | D:4      | XOM: silly message
  4057 | D:4      | XOM: 1-stop teleportation journey
  4060 | D:4      | Noticed an ice beast
  4068 | D:4      | XOM: summons 5 friendly demons
  4073 | D:4      | Killed an ice beast
  4121 | D:4      | Found a shadowy altar of Dithmenos.
  4121 | D:4      | XOM: 1-stop teleportation journey
  4127 | D:4      | XOM: 2-stop teleportation journey
  4158 | D:4      | XOM: swap monsters
  4163 | D:4      | HP: 3/73 [poisoned by an orc]
  4164 | D:4      | Succumbed to an orc's poison

Illustrated notes

Levels and vault maps discovered:
D:1:      dpeg_cavernosity, layout_basic
D:2:      minmay_chambers_of_twos, layout_loops_ring, serial_shops, shop,
          minmay_between
D:3:      layout_basic, basic_ecumenical_altar, chequers_jeans, uniq_terence
D:4:      layout_basic, chei_slow_surprise, marbit_many_paths,
          minmay_temple_entry_glass

Skill      XL: |  1  2  3  4  5  6 |
---------------+-------------------+-----
Dodging        | 1 2 |  2.8
Maces & Flails | 3 4 |  4.9
Armour         | 2 3 |  3.3
Fighting       | 4 |  4.3

Action                   |  1- 3 |  4- 6 || total
-------------------------+-------+-------++-------
Melee: Mace              |   107 |    79 ||   186
       Punch             |       |     3 ||     3
       Flail             |       |   107 ||   107
  Use: Scroll            |       |     4 ||     4
       Potion            |       |     7 ||     7
 Stab: Paralysed         |     2 |       ||     2
       Sleeping          |     1 |       ||     1
       Distracted        |       |     1 ||     1
       Confused          |       |     1 ||     1
Armor: Leather armour    |    26 |       ||    26
       Ring mail         |    13 |    61 ||    74
       Skin              |       |    42 ||    42
       Scale mail        |       |    13 ||    13
Dodge: Dodged            |    63 |    98 ||   161

Table legend: (Time is in decaauts)
 A = Elapsed time spent in this place.
 B = Non-inter-level travel time spent in this place.
 C = Inter-level travel time spent in this place.
 D = Time resting spent in this place.
 E = Time spent auto-exploring this place.
 F = Levels seen in this place.
 G = Mean time per level.
                   A        B        C        D        E       F      G
               +--------+--------+--------+--------+--------+-----+--------+
         Total |   4224 |   4096 |    128 |    238 |   3037 |   4 | 1056.0 |
       Dungeon |   4224 |   4096 |    128 |    238 |   3037 |   4 | 1056.0 |
               +--------+--------+--------+--------+--------+-----+--------+

Top non-repeatable levels by time:
     D:3: 1606 daAuts
     D:1: 1283 daAuts
     D:2: 996 daAuts
     D:4: 338 daAuts
